 Dungeon Crawl Stone Soup version 0.30-a0-578-gdee14c521f (webtiles) character file.

Game seed: 4135472538369444853

122905 HoaS the Markstengu (level 16, 0/114 HPs)
             Began as a Tengu Hunter on Dec 31, 2022.
             Was an Initiate of Gozag.
             Slain by Arachne
             ... wielding a staff of poison
              (21 damage)
             ... on level 3 of the Spider Nest.
             The game lasted 01:24:11 (26788 turns).

HoaS the Markstengu (Tengu Hunter)                 Turns: 26788, Time: 01:24:12

Health: 0/114      AC: 12    Str: 13    XL:     16   Next: 89%
Magic:  17/17      EV: 40    Int: 11    God:    Gozag
Gold:   4560       SH:  0    Dex: 33    Spells: 15/15 levels left

rFire   . . .      SeeInvis .    G - +0 arbalest
rCold   . . .      Faith    .    (shield currently unavailable)
rNeg    . . .      Spirit   .    j - +4 troll leather armour of Ufuddul {rElec Regen+ Stlth+}
rPois   .          Reflect  .    s - +2 hat
rElec   +          Harm     .    y - +2 cloak {rCorr}
rCorr   +          Rampage  .    k - +2 pair of gloves
Will    +....                    (boots unavailable)
Stlth   ++++                     K - amulet of regeneration
HPRegen 1.99/turn                a - ring "Denixira" {Wiz Dex+4}
MPRegen 0.15/turn                J - +6 ring of dexterity

@: lethally poisoned (0 -> -1), about to teleport, corroded, flying quickly and
evasively, quick
A: beak, talons 3, nimble flight
a: Renounce Religion, Potion Petition, Call Merchant, Bribe Branch


You were on level 3 of the Spider Nest.
You worshipped Gozag.
Gozag was most pleased with you.
You visited 5 branches of the dungeon, and saw 26 of its levels.
You also visited: Sewer and Ossuary.

You collected 9180 gold pieces.
You spent 2965 gold pieces at shops.
You paid 1655 gold pieces to Gozag.

Inventory:

Hand Weapons
 C - a +0 longbow
 G - a +0 arbalest (weapon)
Armour
 j - the +4 troll leather armour of Ufuddul (worn) {rElec Regen+ Stlth+}
   (You bought it in a shop on level 2 of the Orcish Mines)

   rElec:     It insulates you from electricity.
   Regen:     It increases your rate of health regeneration.
   Stlth:     It makes you more stealthy.
 k - a +2 pair of gloves (worn)
 s - a +2 hat (worn)
 y - a +2 cloak of preservation (worn)
Jewellery
 a - the ring "Denixira" (left hand) {Wiz Dex+4}
   (You found it on level 13 of the Dungeon)

   [ring of wizardry]

   It improves your spell success rate.
   Dex:       It affects your dexterity (+4).
 e - a ring of willpower
 p - a ring of poison resistance
 r - a ring of protection from cold
 J - a +6 ring of dexterity (right hand)
 K - an amulet of regeneration (around neck)
Wands
 c - a wand of roots (7)
 o - a wand of polymorph (9)
 v - a wand of quicksilver (11)
 w - a wand of mindburst (25)
 A - a wand of charming (9)
 F - a wand of digging (9)
Scrolls
 b - 3 scrolls of immolation
 d - 2 scrolls of summoning
 i - 7 scrolls of blinking
 l - 10 scrolls of enchant armour
 n - a scroll of silence
 t - 6 scrolls of teleportation
 u - 13 scrolls of identify
 z - 2 scrolls of fog
 H - a scroll of magic mapping
Potions
 f - 21 potions of curing
 g - 3 potions of lignification
 h - 4 potions of attraction
 m - 7 potions of heal wounds
 q - 3 potions of resistance
 x - a potion of haste
 B - 2 potions of ambrosia
 E - a potion of cancellation
 I - a potion of berserk rage


   Skills:
 - Level 18.0 Fighting
 + Level 19.4 Ranged Weapons
 - Level 18.0 Dodging
 - Level 1.0 Stealth


You had 15 spell levels left.
You didn't know any spells.
Your spell library contained the following spells:

 Spells                   Type           Power      Damage    Failure   Level
 Apportation              Tloc           0%         N/A       17%         1
 Magic Dart               Conj           0%         1d3       17%         1
 Necrotise                Necr           0%         1d4       17%         1
 Sandblast                Erth           0%         2d4       17%         1
 Summon Small Mammal      Summ           0%         N/A       17%         1
 Call Imp                 Summ           0%         N/A       26%         2
 Passwall                 Tmut/Erth      0%         N/A       26%         2
 Ignite Poison            Fire/Tmut/Pois 0%         N/A       45%         3
 Inner Flame              Hex/Fire       0%         N/A       45%         3
 Kindle Blastsparks       Fire/Tloc/Air  0%         2d10      45%         3
 Mephitic Cloud           Conj/Pois/Air  0%         N/A       45%         3
 Stone Arrow              Conj/Erth      0%         3d7       45%         3
 Cause Fear               Hex            0%         N/A       85%         4
 Freezing Cloud           Conj/Ice/Air   0%         6-21      99%         5
 Yara's Violent Unravell  Hex/Tmut       0%         3d3       99%         5
 Enfeeble                 Hex            0%         N/A       100%        7
 Discord                  Hex            0%         N/A       100%        8


Dungeon Overview and Level Annotations

Branches:
Dungeon (15/15)            Temple (1/1) D:5            Lair (5/5) D:11
 Shoals (0/4) Lair:3       Spider (3/4) Lair:3        Slime (0/5) Lair:4
    Orc (2/2) D:9             Elf (0/3) Orc:2        Vaults (0/5) D:14
 Depths (0/4) D:15          Sewer (visited)         Ossuary (visited)

Altars:
Ashenzari
Cheibriados
Dithmenos
Elyvilon
Fedhas
Gozag
Hepliaklqana
Kikubaaqudgha
Makhleb
Nemelex Xobeh
Okawaru
Qazlal
Ru
Sif Muna
Trog
Uskayaw
Vehumet
Wu Jian
Xom
Yredelemnul
Zin
The Shining One
Jiyva
Lugonu

Shops:
D:9 [?   D:11 !   Orc:2 =*([   Lair:1 [

Portals:
Abyss: Lair:5

Annotations:
D:13 3 runed translucent doors, Taohyec's ghost, journeyman DgEE
D:14 exclusion: hog, Kirke
D:15 3 runed translucent doors, exclusion: obsidian statue, Suaczor's ghost, journeyman SpBr
Spider:3 2 transporters, Arachne


Innate Abilities, Weirdness & Mutations

You have a beak for a mouth.
You have claws for feet.
Your magical nature lets you fly swiftly and evasively.


Message History

A redback comes into view.
The spark wasp barely misses you.
Arachne points her staff at you, shooting a stream of webbing.
The stream of webbing misses you.
The web tears apart.
Arachne's staff shoots out a stream of webbing.
The stream of webbing hits you but does no damage.
You are caught in a web!
The spark wasp misses you.
The entropy weaver points at you and mumbles some strange words.
The entropic weave corrodes you!
The web tears apart.
Arachne completely misses you. The spark wasp completely misses you.
The culicivora misses you.
A pharaoh ant comes into view.
Arachne hits you but does no damage. Arachne envenoms you!!
You are poisoned.
The spark wasp completely misses you. The culicivora barely misses you.
As you read the scroll of teleportation, it crumbles to dust.
You feel strangely unstable.
You feel sick.
Arachne hits you with a staff of poison!!
Arachne envenoms you!!
You are more poisoned.
A steelbarb worm comes into view.
The spark wasp completely misses you.
A jumping spider comes into view.
Arachne closely misses you. The culicivora completely misses you.
The jumping spider closely misses you. The jumping spider bites you.
The culicivora attacks as you move away!
The culicivora closely misses you.
You feel sick.
The jumping spider's many legs skitter faintly.
The spark wasp bursts into living lightning!
The living lightning misses you.
The spark wasp blinks!
A wolf spider comes into view.
A redback comes into view.
Arachne hits you but does no damage. Arachne envenoms you!!
* * * LOW HITPOINT WARNING * * *
You are more poisoned.
The jumping spider leaps!
Arachne attacks as you move away! Arachne hits you but does no damage.
Arachne envenoms you!!
You die...
Your body crumbles into a pile of gold.

$
.........#..©..#....^...
..........#..©..#........
$
.........................
.........................
.........................
...........^.............
.....?........^.....^....
........§..........<...^.
.<....sH@...^............
.......○......^..........
....^..$.................
....sB...................
.../.....................
...Bsw..y................
..s..s...............^...
.........................
.....^....


You could see Arachne (fast), an entropy weaver, a steelbarb worm, a spark wasp,
a wolf spider (wandering), a culicivora, a pharaoh ant, a jumping spider and 2
redbacks.

Vanquished Creatures
  Rupert (D:14)
  4 emperor scorpions
  A ghost moth (Spider:1)
  A broodmother (Spider:1)
  A stone giant (Orc:1)
  Nessos (D:14)
  2 spark wasps
  Azrael (D:13)
  3 ettins
  Josephine (D:10)
  2 entropy weavers (Spider:1)
  The ghost of Dirtsage the Transmogrifier, a journeyman OpTm of the Shining One (D:11)
  An ogre mage (Orc:1)
  7 hydras
  4 two-headed ogres
  2 jorogumos (Spider:2)
  7 boulder beetles
  A death knight (D:14)
  2 tengu warriors
  8 death yaks
  3 thrashing horrors (Lair:5)
  An orc high priest (D:9)
  Urug (D:11)
  Nergalle (D:12)
  4 skeletal warriors
  3 pharaoh ants
  2 deep trolls (D:15)
  5 orb spiders (Spider:1)
  A lindwurm (Lair:4)
  An orc knight (D:14)
  6 steelbarb worms
  2 necromancers (D:15)
  8 wolf spiders
  3 orc sorcerers
  6 ugly things
  3 elephants
  Maurice (Orc:2)
  2 moths of wrath
  14 cyclopes
  6 black mambas
  A smoke demon (Lair:5)
  A black mamba (shapeshifter) (Lair:5)
  8 centaur skeletons (D:10)
  2 demonic crawlers
  5 centaur zombies (D:10)
  8 cane toads
  A gargoyle (D:11)
  2 unseen horror zombies (D:10)
  A yaktaur (shapeshifter) (D:14)
  An unseen horror (D:10)
  8 komodo dragons
  A rime drake (Lair:4)
  A kobold demonologist (D:12)
  A tengu conjurer (D:14)
  A freezing wraith (D:14)
  2 ancient zymes (Lair:5)
  5 polar bears
  4 unseen horror skeletons (D:10)
  3 trolls
  A tyrant leech (Lair:2)
  7 tarantellas
  10 dream sheep
  23 blink frogs
  22 jumping spiders
  21 slime creatures
  A centaur simulacrum (D:14)
  4 flying skulls (D:10)
  A vampire (D:12)
  3 water elementals (D:14)
  3 ynoxinuls (Lair:5)
  13 culicivoras
  A spriggan (Lair:5)
  5 shadows
  11 wraiths
  5 wyverns
  7 fire elementals (D:13)
  5 basilisks
  23 yaks
  A redback (shapeshifter) (Lair:5)
  16 humans (D:14)
  10 vampire mosquitoes
  3 steam dragons
  29 redbacks
  2 swamp worms (Lair:2)
  A chaos spawn (Lair:5)
  3 wargs
  An acid dragon (D:10)
  A large abomination (Lair:5)
  13 water moccasins
  A hell hound (D:13)
  3 black bears
  2 ice beasts (D:14)
  13 orc warriors
  10 small abominations (Lair:5)
  8 ogres
  2 wolves (D:14)
  4 centaurs
  4 kobold brigands
  An elf zombie (Ossuary)
  A necrophage (D:8)
  13 bullfrogs
  A scorpion (D:4)
  2 gnoll sergeants
  4 wights (D:10)
  4 killer bees (D:8)
  7 howler monkeys
  2 human zombies (Ossuary)
  2 hounds
  14 orc priests
  Crazy Yiuf (D:3)
  5 jellies (D:7)
  3 iguanas
  18 orc wizards
  2 mummies (Ossuary)
  19 adders
  7 gnolls
  6 river rats (Sewer)
  6 white imps
  An ufetubus (D:7)
  3 worms
  5 dart slugs
  62 orcs
  7 endoplasms
  6 giant cockroaches
  9 goblins
  12 hobgoblins
  9 jackals
  7 quokkas
  15 ball pythons
  16 bats
  8 frilled lizards
  2 gnoll zombies (Ossuary)
  4 goblin zombies (Ossuary)
  4 hobgoblin zombies (Ossuary)
  20 kobolds
  An orc zombie (Ossuary)
  8 rats
790 creatures vanquished.

Vanquished Creatures (others)
  An ettin (Orc:2)
  A hydra (D:13)
  A jumping spider (Spider:1)
  31 fungi
  16 plants
  10 toadstools (D:7)
60 creatures vanquished.

Grand Total: 850 creatures vanquished

Notes
Turn   | Place    | Note
-------+----------+-------------------------------------------
     0 | D:1      | HoaS the Tengu Hunter began the quest for the Orb.
     0 | D:1      | Reached XP level 1. HP: 12/12 MP: 2/2
    54 | D:1      | Reached XP level 2. HP: 17/17 MP: 3/3
   124 | D:1      | Reached skill level 5 in Ranged Weapons
   251 | D:1      | Reached XP level 3. HP: 21/21 MP: 4/4
   747 | D:2      | Reached skill level 6 in Ranged Weapons
   747 | D:2      | Reached XP level 4. HP: 26/26 MP: 5/5
  1542 | D:3      | Gained mutation: Your magical nature lets you fly swiftly
                  | and evasively. [Tengu growth]
  1542 | D:3      | Reached XP level 5. HP: 30/30 MP: 6/6
  1608 | D:3      | Reached skill level 7 in Ranged Weapons
  2064 | D:3      | Found a runed translucent door.
  2065 | D:3      | Noticed Crazy Yiuf
  2443 | D:4      | Noticed a black bear
  2454 | D:4      | Killed a black bear
  2455 | D:4      | Reached skill level 8 in Ranged Weapons
  2455 | D:4      | Reached XP level 6. HP: 22/35 MP: 7/7
  2543 | D:4      | Found a glowing drain.
  2549 | Sewer    | Entered a sewer
  2931 | Sewer    | Reached XP level 7. HP: 40/40 MP: 8/8
  3124 | Sewer    | Reached skill level 9 in Ranged Weapons
  3866 | D:3      | Killed Crazy Yiuf
  3921 | D:5      | Entered Level 5 of the Dungeon
  4064 | D:5      | Found a staircase to the Ecumenical Temple.
  4073 | Temple   | Entered the Ecumenical Temple
  4073 | Temple   | Found a transporter.
  4073 | Temple   | Found a transporter.
  4075 | Temple   | Found a transporter.
  4075 | Temple   | Found a transporter.
  4098 | Temple   | Became a worshipper of Gozag Ym Sagoz the Greedy
  4286 | D:5      | Reached skill level 10 in Ranged Weapons
  4605 | D:6      | Noticed a steam dragon
  4830 | D:6      | Reached XP level 8. HP: 44/44 MP: 9/9
  4879 | D:6      | Reached skill level 11 in Ranged Weapons
  5418 | D:6      | You are sucked into a shaft and drop 1 floor!
  5605 | D:6      | Reached skill level 12 in Ranged Weapons
  5690 | D:7      | Noticed a wyvern
  5700 | D:7      | Killed a wyvern
  5806 | D:7      | Reached skill level 13 in Ranged Weapons
  5806 | D:7      | Reached XP level 9. HP: 35/48 MP: 10/10
  6311 | D:8      | Reached skill level 14 in Ranged Weapons
  6463 | D:8      | Found a sand-covered staircase.
  6473 | Ossuary  | Entered an ossuary
  6920 | D:8      | Reached skill level 15 in Ranged Weapons
  7090 | D:8      | Reached XP level 10. HP: 46/53 MP: 11/11
  7506 | D:7      | Reached skill level 16 in Ranged Weapons
  7522 | D:7      | Found a stormy altar of Qazlal.
  7522 | D:7      | Found a broken altar of Ashenzari.
  7554 | D:7      | Found a sacrificial altar of Ru.
  7852 | D:9      | Noticed a two-headed ogre
  8193 | D:9      | Found Kapeg's Magic Scroll Emporium.
  8200 | D:9      | Bought a scroll of teleportation for 33 gold pieces
  8200 | D:9      | Bought a scroll of enchant armour for 82 gold pieces
  8200 | D:9      | Bought a scroll of enchant armour for 82 gold pieces
  8200 | D:9      | Bought a scroll of blinking for 82 gold pieces
  8200 | D:9      | Bought a scroll of teleportation for 33 gold pieces
  8209 | D:9      | Found a staircase to the Orcish Mines.
  8546 | D:9      | Reached skill level 5 in Dodging
  8554 | D:9      | Reached skill level 5 in Fighting
  8685 | D:9      | Killed a two-headed ogre
  8686 | D:9      | Reached XP level 11. HP: 64/64 MP: 12/12
  8798 | Orc:1    | Entered Level 1 of the Orcish Mines
  8798 | Orc:1    | Noticed an orc high priest
  8798 | Orc:1    | Noticed an orc sorcerer
  8820 | D:10     | Entered Level 10 of the Dungeon
  9154 | D:10     | Noticed Josephine
  9798 | D:10     | Reached XP level 12. HP: 61/76 MP: 13/13
  9861 | D:10     | Reached skill level 10 in Dodging
 10462 | D:11     | Found a staircase to the Lair.
 10499 | Lair:1   | Entered Level 1 of the Lair of Beasts
 10629 | Lair:1   | Reached skill level 10 in Fighting
 11228 | Lair:1   | Identified a scroll of acquirement
 11228 | Lair:1   | Acquired 885 gold pieces
 11231 | Lair:1   | Bought the +2 leather armour of Decompression {rCorr Str+4}
                  | for 495 gold pieces
 11420 | Lair:2   | Noticed an eight-headed hydra
 11427 | Lair:2   | Killed an eight-headed hydra
 12216 | Lair:3   | Noticed a seven-headed hydra
 12223 | Lair:3   | Killed a seven-headed hydra
 12327 | Lair:3   | Found a hole to the Spider Nest.
 12723 | Lair:3   | Found a staircase to the Shoals.
 13022 | Lair:4   | Noticed a four-headed hydra
 13022 | Lair:4   | Found a staircase to the Slime Pits.
 13022 | Lair:4   | Found a viscous altar of Jiyva.
 13038 | Lair:3   | Killed a four-headed hydra
 13039 | Lair:3   | Reached XP level 13. HP: 84/85 MP: 14/14
 13202 | D:10     | Killed Josephine
 14247 | Lair:5   | Entered Level 5 of the Lair of Beasts
 15304 | Lair:5   | Reached XP level 14. HP: 95/95 MP: 15/15
 15404 | Lair:4   | Reached skill level 15 in Dodging
 16734 | Lair:5   | Found a corrupted altar of Lugonu.
 16734 | Lair:5   | Found a one-way gate to the infinite horrors of the Abyss.
 17088 | D:9      | Reached skill level 15 in Fighting
 17197 | D:11     | Found Zaep's Distillery.
 17508 | D:11     | Found a runed translucent door.
 17508 | D:11     | Noticed Dirtsage's ghost (journeyman OpTm)
 17746 | D:11     | Bought a potion of haste for 140 gold pieces
 17746 | D:11     | Bought a potion of curing for 42 gold pieces
 17746 | D:11     | Bought a potion of heal wounds for 70 gold pieces
 17746 | D:11     | Bought 2 potions of curing for 84 gold pieces
 17746 | D:11     | Bought a potion of haste for 140 gold pieces
 17899 | D:11     | Noticed Urug
 17907 | D:11     | Killed Urug
 18099 | D:11     | Killed Dirtsage's ghost
 18172 | D:12     | Identified the +2 robe of the Countless Gods {rElec Stlth+}
 18190 | D:12     | Found a shimmering altar of Xom.
 18884 | D:12     | Noticed Nergalle
 18905 | D:12     | Killed Nergalle
 19592 | Orc:1    | Paralysed by an orc sorcerer for 5 turns
 19860 | Orc:2    | Entered Level 2 of the Orcish Mines
 20108 | Orc:2    | Noticed a stone giant
 20110 | Orc:2    | Reached XP level 15. HP: 101/104 MP: 16/16
 20112 | Orc:2    | Found a staircase to the Elven Halls.
 20278 | Orc:2    | Found Noeweore's General Store.
 20303 | Orc:2    | Bought a potion of curing for 48 gold pieces
 20303 | Orc:2    | Bought a potion of curing for 48 gold pieces
 20303 | Orc:2    | Bought a potion of curing for 48 gold pieces
 20352 | Orc:2    | Reached skill level 17 in Ranged Weapons
 20373 | Orc:2    | Found Udino's Jewellery Shoppe.
 20383 | Orc:2    | Bought a +6 ring of dexterity for 468 gold pieces
 20383 | Orc:2    | Bought an amulet of regeneration for 390 gold pieces
 20638 | Orc:2    | Found Wuirph's Antique Armour Boutique.
 20655 | Orc:2    | Found a burning altar of Makhleb.
 20752 | Orc:2    | Bought a translucent troll leather armour for 680 gold
                  | pieces
 20752 | Orc:2    | Identified the +4 troll leather armour of Ufuddul {rElec
                  | Regen+ Stlth+} (You bought it in a shop on level 2 of the
                  | Orcish Mines)
 20767 | Orc:2    | Found Palocse's Antique Weapon Emporium.
 21008 | Orc:1    | Noticed Maurice
 21016 | Orc:2    | Killed Maurice
 21382 | D:13     | Reached skill level 18 in Ranged Weapons
 21547 | D:13     | Noticed Azrael
 21562 | D:13     | Killed Azrael
 21649 | D:13     | Found a runed translucent gate.
 21649 | D:13     | Found a runed translucent gate.
 21649 | D:13     | Found a runed translucent gate.
 21650 | D:13     | Noticed an azure jelly
 21650 | D:13     | Noticed an acid blob
 21650 | D:13     | Noticed an azure jelly
 21651 | D:13     | Noticed an acid blob
 21651 | D:13     | Noticed Taohyec's ghost (journeyman DgEE)
 21870 | D:13     | Identified the ring "Denixira" {Wiz Dex+4}
 21994 | D:13     | Found a viscous altar of Jiyva.
 22118 | D:14     | Noticed Rupert
 22128 | D:14     | Noticed Nessos
 22129 | D:14     | Paralysed by Rupert for 5 turns
 22135 | D:14     | Killed Rupert
 22257 | D:14     | Found a gate to the Vaults.
 22834 | D:14     | Killed Nessos
 22958 | D:14     | Noticed Kirke
 23410 | D:15     | Entered Level 15 of the Dungeon
 23523 | D:15     | Found a staircase to the Depths.
 23690 | D:15     | Reached XP level 16. HP: 112/112 MP: 17/17
 23836 | D:15     | Found a broken altar of Ashenzari.
 24062 | D:15     | Found a runed translucent gate.
 24062 | D:15     | Found a runed translucent gate.
 24062 | D:15     | Found a runed translucent gate.
 24063 | D:15     | Found an opulent altar of Gozag.
 24063 | D:15     | Noticed a sphinx
 24064 | D:15     | Noticed Suaczor's ghost (journeyman SpBr)
 24427 | Spider:1 | Entered Level 1 of the Spider Nest
 26449 | Spider:2 | Reached skill level 19 in Ranged Weapons
 26670 | Spider:3 | Found a transporter.
 26768 | Spider:3 | Found a transporter.
 26777 | Spider:3 | Noticed Arachne
 26788 | Spider:3 | Slain by Arachne

Illustrated notes

Levels and vault maps discovered:
D:1:      dpeg_arrival_simpleton_a, layout_basic
D:2:      minmay_door_path, layout_rooms
D:3:      layout_basic, uniq_crazy_yiuf_cottage
D:4:      layout_cave_pools, gup_sewer_entry_bubbles, kennysheep_cluttered_room,
          chequers_hall_statues_y, bh_walls_and_bars
D:5:      layout_loops_cross, temple_pool_b, hangedman_decor_push
D:6:      layout_loops_ring
D:7:      cheibrodos_fertilizer, layout_rooms, minitemple,
          palyth_stone_intersect
D:8:      layout_basic, nicolae_ossuary_entry_ruins
D:9:      layout_loops_cross, orc_0_dummy, serial_shops, kennysheep_little_box,
          minmay_fountain_box
D:10:     hangedman_screamer, layout_rooms
D:11:     layout_long_grid, lair_entry_dummy, serial_shops,
          nicolae_shop_crystal, hellmonk_ghost_happy_afterlife,
          kennysheep_generic_room_7, uniq_urug
D:12:     layout_basic, nicolae_twisting_strands, tgw_xom, uniq_nergalle
D:13:     layout_roguey, gammafunk_ghost_ooze, uniq_azrael
D:14:     layout_loops_ring, david_vaults_3, serial_ice, serial_ice_j,
          serial_ice_m, serial_ice_d, serial_ice_g, serial_ice_f,
          minmay_misc_feat_more_columns, uniq_kirke
D:15:     hangedman_depths_entry_civil_slaughter, layout_gridville,
          hellmonk_bongcloud_opening, ebering_ghost_gozag, ashenzari_altar_1
Temple:   hellmonk_temple_divided_pantheon
Lair:1:   layout_roguey
Lair:2:   layout_regular_city, worms_lemuel, lemuel_fruit_tree
Lair:3:   layout_regular_city, elwin_shoals_entry_rocks,
          spider_nest_entry_web_field, serial_bayou_pond_d
Lair:4:   layout_regular_city, slime_entry_1, infiniplex_staircase_pool_2,
          grunt_megastairs_1
Lair:5:   hellmonk_lair_end_abyssal_woods, layout_misc_corridors,
          grunt_megastairs_4
Spider:1: layout_spider_delve
Spider:2: layout_spider_delve
Spider:3: gammafunk_boulding_lane, uniq_arachne
Orc:1:    layout_diamond_mine, nicolae_orc_sculptors_studio, uniq_maurice
Orc:2:    grunt_orc_gardens, layout_diamond_mine, grunt_orc_garden,
          grunt_orc_garden, grunt_orc_garden, grunt_orc_garden, basic_altar

Skill      XL: |  1  2  3  4  5  6  7  8  9 10 11 12 13 14 15 16 |
---------------+-------------------------------------------------+-----
Ranged Weapons | 5 6 8 10 13 15 16 18 19 | 19.4
Dodging        | 6 9 12 14 16 17 18 | 18.0
Fighting       | 5 9 11 13 16 17 18 | 18.0
Stealth        | |  1.0

Action                   |  1- 3 |  4- 6 |  7- 9 | 10-12 | 13-15 | 16-18 || total
-------------------------+-------+-------+-------+-------+-------+-------++-------
Melee: Unarmed           |       |       |     1 |       |       |       ||     1
 Fire: Shortbow          |    98 |   243 |   367 |   721 |  1288 |       ||  2717
       Arbalest          |       |       |       |       |   291 |   530 ||   821
Invok: Call Merchant     |       |       |       |     1 |     1 |       ||     2
  Use: Scroll            |     3 |    11 |    10 |     9 |     5 |     2 ||    40
       Potion            |       |     1 |     4 |     2 |     7 |     2 ||    16
Armor: Leather armour    |    17 |    31 |    29 |    50 |    69 |       ||   196
       Troll leather arm |       |       |       |       |    11 |    74 ||    85
Dodge: Dodged            |    16 |    90 |    98 |   315 |   810 |   761 ||  2090

Table legend: (Time is in decaauts)
 A = Elapsed time spent in this place.
 B = Non-inter-level travel time spent in this place.
 C = Inter-level travel time spent in this place.
 D = Time resting spent in this place.
 E = Time spent auto-exploring this place.
 F = Levels seen in this place.
 G = Mean time per level.
                   A        B        C        D        E       F      G
               +--------+--------+--------+--------+--------+-----+--------+
         Total |  24650 |  23204 |   1446 |   4022 |  13370 |  28 |  880.4 |
       Dungeon |  14192 |  13300 |    892 |   2208 |   8099 |  15 |  946.1 |
        Temple |     41 |     32 |      9 |      0 |      5 |   1 |   41.0 |
          Lair |   6054 |   5611 |    443 |   1115 |   3112 |   5 | 1210.8 |
   Spider Nest |   2007 |   1969 |     38 |    260 |    976 |   3 |  669.0 |
  Orcish Mines |   1456 |   1394 |     62 |    181 |    806 |   2 |  728.0 |
         Sewer |    593 |    593 |      0 |    127 |    272 |   1 |  593.0 |
       Ossuary |    305 |    305 |      0 |    129 |     97 |   1 |  305.0 |
               +--------+--------+--------+--------+--------+-----+--------+

Top non-repeatable levels by time:
  Lair:4: 1662 daAuts
    D:10: 1563 daAuts
  Lair:5: 1495 daAuts
     D:9: 1481 daAuts
    D:14: 1339 daAuts
Spider:1: 1297 daAuts
  Lair:3: 1239 daAuts
    D:12: 1144 daAuts
     D:3: 1126 daAuts
   Orc:2: 1076 daAuts
     D:6: 902 daAuts
     D:8: 898 daAuts
    D:11: 889 daAuts
  Lair:2: 839 daAuts
     D:7: 835 daAuts
